[ AOE2 MATCH · #474011224 ]
UnrankedVikings vs Khmer
[ REPLAY ANALYSIS · EXTRACTED FROM THE RECORDED GAME ]
Feudal
10:38
Castle
15:23
Imperial
—
| APM avg | 29.5 |
| APM peak | 62 |
| eAPM avg | 20.6 |
| Villagers / military | 220 / 10 |
Focus
⚔️ 25.9% · 🌾 74.1%
Scorpion ×7 · Spearman ×2 · Mangonel ×1
Feudal
9:43
Castle
21:08
Imperial
35:43
| APM avg | 39.7 |
| APM peak | 82 |
| eAPM avg | 23.9 |
| Villagers / military | 156 / 294 |
Focus
⚔️ 40.2% · 🌾 59.8%
Knight ×253 · Spearman ×40 · Kipchak ×1
Feudal
9:41
Castle
20:50
Imperial
37:26
| APM avg | 55.4 |
| APM peak | 96 |
| eAPM avg | 26.7 |
| Villagers / military | 147 / 203 |
Focus
⚔️ 35.0% · 🌾 65.0%
Battle Elephant ×192 · Scout Cavalry ×10 · Trebuchet (Packed) ×1
Feudal
9:18
Castle
24:27
Imperial
41:22
| APM avg | 37.5 |
| APM peak | 65 |
| eAPM avg | 18.4 |
| Villagers / military | 84 / 262 |
Focus
⚔️ 47.8% · 🌾 52.2%
Spearman ×176 · Archer ×80 · Battering Ram ×5 · Trebuchet (Packed) ×1
Feudal
10:14
Castle
25:01
Imperial
—
| APM avg | 42.0 |
| APM peak | 74 |
| eAPM avg | 26.9 |
| Villagers / military | 154 / 65 |
Focus
⚔️ 43.8% · 🌾 56.2%
Archer ×65
Feudal
11:52
Castle
15:33
Imperial
49:23
| APM avg | 24.4 |
| APM peak | 67 |
| eAPM avg | 13.3 |
| Villagers / military | 113 / 77 |
Focus
⚔️ 25.6% · 🌾 74.4%
Battle Elephant ×40 · Scorpion ×26 · Knight ×11
Feudal
9:46
Castle
20:22
Imperial
36:56
| APM avg | 80.7 |
| APM peak | 140 |
| eAPM avg | 33.2 |
| Villagers / military | 178 / 183 |
Focus
⚔️ 26.9% · 🌾 73.1%
Archer ×132 · Spearman ×45 · Bombard Cannon ×5 · Monk ×1
Feudal
9:42
Castle
21:43
Imperial
39:38
| APM avg | 35.5 |
| APM peak | 71 |
| eAPM avg | 18.2 |
| Villagers / military | 156 / 328 |
Focus
⚔️ 35.4% · 🌾 64.6%
Knight ×186 · Scout Cavalry ×62 · Spearman ×57 · Organ Gun ×18 · Trebuchet (Packed) ×5
Match map
Initial resources + every placement click. Lines = walls · curves = elevation contours. ◆ gold · ⬟ stone · ● berries · ✦ relic · ◌ wall gap
Your base· ✓ Closed at 15:23 · 8t walls · 1 gate(s)
CMD_Black_Legion's base· ✓ Closed at 21:08 · 9t walls · no gate
hK | MictuL_'s base· ✓ Closed at 20:50 · 13t walls · 1 gate(s)
CMD_El Primo's base· ✓ Closed at 24:27 · 18t walls · 2 gate(s)
EXILE | Lightning's base· ✓ Closed at 25:01 · 11t walls · 1 gate(s)
CMD_Ray's base· ✓ Closed at 15:33 · 3t walls · 1 gate(s)
EXILE | Mancoazteca's base· ✓ Closed at 20:22 · 11t walls · no gate
hK | ViejoSabroso's base· ✓ Closed at 21:43 · 20t walls · no gate
Smoothed initial terrain · ◌ = detected wall gap · hover for details
Inputs per minute
— CMD_Edahi287 - - CMD_Black_Legion
Build order — CMD_Edahi287
First 150 of 359 actions detected
| 0:01 | Queue | Villager (Male) |
| 0:02 | Queue | Villager (Male) |
| 0:02 | Queue | Villager (Male) |
| 0:03 | Build | House |
| 0:05 | Build | House |
| 0:12 | Queue | Villager (Male) |
| 0:12 | Queue | Villager (Male) |
| 0:54 | Build | House |
| 0:56 | Build | Palisade Wall |
| 1:20 | Research | Loom |
| 1:26 | Queue | Villager (Male) |
| 1:26 | Queue | Villager (Male) |
| 1:34 | Build | Lumber Camp |
| 2:07 | Queue | Villager (Male) |
| 2:07 | Queue | Villager (Male) |
| 2:07 | Queue | Villager (Male) |
| 2:33 | Queue | Villager (Male) |
| 2:33 | Queue | Villager (Male) |
| 2:48 | Queue | Villager (Male) |
| 2:48 | Queue | Villager (Male) |
| 3:17 | Queue | Villager (Male) |
| 3:36 | Queue | Villager (Male) |
| 3:37 | Queue | Villager (Male) |
| 4:18 | Queue | Villager (Male) |
| 4:18 | Queue | Villager (Male) |
| 4:21 | Build | Mill |
| 4:34 | Queue | Villager (Male) |
| 4:34 | Queue | Villager (Male) |
| 4:58 | Build | Palisade Wall |
| 4:59 | Queue | Villager (Male) |
| 4:59 | Queue | Villager (Male) |
| 5:21 | Queue | Villager (Male) |
| 5:22 | Queue | Villager (Male) |
| 5:44 | Queue | Villager (Male) |
| 5:44 | Queue | Villager (Male) |
| 6:00 | Queue | Villager (Male) |
| 6:10 | Build | House |
| 6:14 | Queue | Villager (Male) |
| 6:14 | Queue | Villager (Male) |
| 6:28 | Queue | Villager (Male) |
| 6:28 | Queue | Villager (Male) |
| 7:12 | Queue | Villager (Male) |
| 7:13 | Research | Loom |
| 7:22 | Build | Mining Camp |
| 7:57 | Research | Feudal Age |
| 7:57 | Research | Feudal Age |
| 7:59 | Research | Loom |
| 8:01 | Research | Feudal Age |
| 8:18 | Queue | Villager (Male) |
| 8:41 | Build | Barracks |
| 8:47 | Queue | Villager (Male) |
| 8:57 | Build | House |
| 9:23 | Queue | Villager (Male) |
| 9:42 | Queue | Villager (Male) |
| 10:30 | Queue | Villager (Male) |
| 10:38 | Age | Feudal Age |
| 10:42 | Build | Market |
| 11:57 | Build | Blacksmith |
| 12:26 | Build | Farm |
| 12:26 | Build | Farm |
| 12:38 | Research | Castle Age |
| 12:38 | Research | Castle Age |
| 13:09 | Queue | Villager (Male) |
| 13:14 | Build | House |
| 13:28 | Queue | Villager (Male) |
| 13:37 | Research | Double-Bit Axe |
| 13:51 | Build | House |
| 13:53 | Build | House |
| 13:55 | Build | Watch Tower |
| 14:08 | Build | Palisade Gate |
| 14:10 | Build | Palisade Wall |
| 14:55 | Queue | Spearman |
| 14:55 | Queue | Spearman |
| 15:01 | Build | Watch Tower |
| 15:20 | Queue | Villager (Male) |
| 15:20 | Queue | Villager (Male) |
| 15:21 | Queue | Villager (Male) |
| 15:23 | Age | Castle Age |
| 15:29 | Build | Siege Workshop |
| 15:52 | Queue | Scorpion |
| 15:52 | Queue | Scorpion |
| 16:54 | Queue | Villager (Male) |
| 17:12 | Build | House |
| 17:53 | Queue | Scorpion |
| 17:54 | Queue | Scorpion |
| 17:54 | Queue | Scorpion |
| 18:02 | Queue | Villager (Male) |
| 18:02 | Queue | Villager (Male) |
| 18:03 | Queue | Villager (Male) |
| 18:04 | Build | Farm |
| 18:25 | Build | House |
| 18:26 | Build | House |
| 18:29 | Queue | Villager (Male) |
| 18:29 | Queue | Villager (Male) |
| 18:50 | Build | Farm |
| 18:50 | Build | Farm |
| 18:50 | Build | Farm |
| 18:58 | Queue | Villager (Male) |
| 18:59 | Queue | Villager (Male) |
| 19:29 | Queue | Villager (Male) |
| 19:29 | Queue | Villager (Male) |
| 19:30 | Queue | Villager (Male) |
| 19:33 | Build | Mining Camp |
| 19:46 | Queue | Villager (Male) |
| 19:48 | Build | Farm |
| 19:48 | Build | Farm |
| 20:29 | Queue | Villager (Male) |
| 20:39 | Queue | Villager (Male) |
| 21:01 | Queue | Villager (Male) |
| 21:05 | Build | Town Center |
| 21:17 | Build | Farm |
| 21:18 | Build | Farm |
| 21:20 | Build | Farm |
| 22:22 | Queue | Villager (Male) |
| 22:23 | Queue | Villager (Male) |
| 22:23 | Queue | Villager (Male) |
| 22:24 | Build | Farm |
| 22:24 | Build | Farm |
| 22:24 | Build | Farm |
| 22:26 | Queue | Villager (Male) |
| 22:45 | Queue | Villager (Male) |
| 22:53 | Queue | Villager (Male) |
| 22:57 | Build | Mining Camp |
| 23:07 | Build | Farm |
| 23:09 | Build | Farm |
| 23:09 | Build | Farm |
| 23:09 | Build | Farm |
| 23:09 | Build | Farm |
| 23:18 | Build | Town Center |
| 23:24 | Queue | Villager (Male) |
| 23:25 | Queue | Villager (Male) |
| 23:29 | Build | House |
| 23:32 | Build | House |
| 23:42 | Queue | Villager (Male) |
| 23:43 | Queue | Villager (Male) |
| 24:06 | Queue | Villager (Male) |
| 24:10 | Build | Farm |
| 24:10 | Build | Farm |
| 24:10 | Build | Farm |
| 24:10 | Build | Farm |
| 24:11 | Build | Farm |
| 24:11 | Build | Farm |
| 24:17 | Build | House |
| 24:23 | Queue | Villager (Male) |
| 24:24 | Queue | Villager (Male) |
| 24:24 | Queue | Villager (Male) |
| 24:32 | Queue | Villager (Male) |
| 24:34 | Queue | Villager (Male) |
| 24:34 | Queue | Villager (Male) |
| 24:42 | Build | Farm |
Build order — CMD_Black_Legion
First 150 of 632 actions detected
| 0:01 | Queue | Villager (Male) |
| 0:01 | Queue | Villager (Male) |
| 0:01 | Queue | Villager (Male) |
| 0:03 | Build | House |
| 0:04 | Build | House |
| 0:59 | Queue | Villager (Male) |
| 0:59 | Queue | Villager (Male) |
| 1:26 | Queue | Villager (Male) |
| 1:48 | Build | Palisade Wall |
| 1:51 | Build | Palisade Wall |
| 1:52 | Build | Palisade Wall |
| 2:00 | Queue | Villager (Male) |
| 2:00 | Queue | Villager (Male) |
| 2:01 | Queue | Villager (Male) |
| 2:10 | Build | Lumber Camp |
| 2:25 | Queue | Villager (Male) |
| 2:54 | Queue | Villager (Male) |
| 2:54 | Queue | Villager (Male) |
| 3:22 | Build | House |
| 3:33 | Queue | Villager (Male) |
| 4:06 | Queue | Villager (Male) |
| 4:07 | Queue | Villager (Male) |
| 4:11 | Build | House |
| 4:29 | Queue | Villager (Male) |
| 4:30 | Queue | Villager (Male) |
| 4:44 | Build | Mill |
| 4:51 | Queue | Villager (Male) |
| 4:52 | Queue | Villager (Male) |
| 5:44 | Queue | Villager (Male) |
| 5:44 | Queue | Villager (Male) |
| 5:44 | Queue | Villager (Male) |
| 6:48 | Research | Loom |
| 7:33 | Research | Feudal Age |
| 7:33 | Research | Feudal Age |
| 7:33 | Research | Feudal Age |
| 8:06 | Build | House |
| 8:07 | Build | House |
| 8:48 | Queue | Villager (Male) |
| 8:49 | Queue | Villager (Male) |
| 8:49 | Queue | Villager (Male) |
| 8:49 | Queue | Villager (Male) |
| 9:07 | Build | House |
| 9:31 | Build | House |
| 9:43 | Age | Feudal Age |
| 9:49 | Build | Town Center |
| 10:14 | Build | House |
| 10:19 | Queue | Villager (Male) |
| 11:00 | Queue | Villager (Male) |
| 11:13 | Queue | Villager (Male) |
| 11:14 | Queue | Villager (Male) |
| 11:14 | Queue | Villager (Male) |
| 11:14 | Queue | Villager (Male) |
| 11:15 | Queue | Villager (Male) |
| 11:15 | Queue | Villager (Male) |
| 11:15 | Queue | Villager (Male) |
| 11:25 | Build | House |
| 11:32 | Build | Farm |
| 11:35 | Build | Farm |
| 11:38 | Build | Farm |
| 11:44 | Queue | Villager (Male) |
| 12:08 | Build | House |
| 12:15 | Build | Farm |
| 12:18 | Build | Farm |
| 12:24 | Build | Farm |
| 12:32 | Queue | Villager (Male) |
| 12:32 | Queue | Villager (Male) |
| 12:33 | Queue | Villager (Male) |
| 12:33 | Queue | Villager (Male) |
| 12:34 | Queue | Villager (Male) |
| 12:40 | Build | House |
| 12:47 | Build | Farm |
| 12:49 | Build | Farm |
| 12:51 | Build | Farm |
| 12:56 | Queue | Villager (Male) |
| 13:06 | Build | Farm |
| 13:11 | Build | Farm |
| 13:14 | Build | Farm |
| 13:20 | Queue | Villager (Male) |
| 13:21 | Queue | Villager (Male) |
| 13:21 | Queue | Villager (Male) |
| 13:21 | Queue | Villager (Male) |
| 13:21 | Queue | Villager (Male) |
| 13:21 | Queue | Villager (Male) |
| 13:26 | Build | Farm |
| 13:33 | Build | Farm |
| 13:34 | Queue | Villager (Male) |
| 13:34 | Queue | Villager (Male) |
| 13:35 | Queue | Villager (Male) |
| 13:46 | Build | Farm |
| 13:56 | Queue | Villager (Male) |
| 13:56 | Queue | Villager (Male) |
| 13:56 | Queue | Villager (Male) |
| 14:00 | Build | Farm |
| 14:30 | Queue | Villager (Male) |
| 14:30 | Queue | Villager (Male) |
| 14:30 | Queue | Villager (Male) |
| 14:32 | Build | Farm |
| 14:46 | Build | Farm |
| 15:11 | Build | Farm |
| 15:20 | Queue | Villager (Male) |
| 15:21 | Queue | Villager (Male) |
| 15:24 | Build | Farm |
| 15:26 | Build | Farm |
| 15:29 | Build | Farm |
| 15:35 | Build | Farm |
| 15:40 | Queue | Villager (Male) |
| 15:41 | Queue | Villager (Male) |
| 15:44 | Queue | Villager (Male) |
| 15:45 | Queue | Villager (Male) |
| 16:02 | Build | Mining Camp |
| 16:13 | Build | Mining Camp |
| 16:20 | Queue | Villager (Male) |
| 16:20 | Queue | Villager (Male) |
| 16:21 | Queue | Villager (Male) |
| 16:36 | Build | Market |
| 16:53 | Build | Blacksmith |
| 16:56 | Queue | Villager (Male) |
| 17:52 | Build | Barracks |
| 17:55 | Queue | Villager (Male) |
| 17:56 | Queue | Villager (Male) |
| 18:14 | Research | Castle Age |
| 18:39 | Build | Stable |
| 18:41 | Build | Stable |
| 18:43 | Build | Stable |
| 18:49 | Research | Double-Bit Axe |
| 18:50 | Research | Double-Bit Axe |
| 18:54 | Research | Wheelbarrow |
| 18:54 | Research | Wheelbarrow |
| 18:56 | Queue | Villager (Male) |
| 18:56 | Queue | Villager (Male) |
| 18:56 | Queue | Villager (Male) |
| 18:56 | Queue | Villager (Male) |
| 19:04 | Research | Horse Collar |
| 19:04 | Research | Horse Collar |
| 19:10 | Research | Gold Mining |
| 19:27 | Queue | Villager (Male) |
| 19:28 | Queue | Villager (Male) |
| 19:28 | Queue | Villager (Male) |
| 19:28 | Queue | Villager (Male) |
| 19:28 | Queue | Villager (Male) |
| 19:41 | Build | Farm |
| 19:44 | Build | Farm |
| 19:50 | Research | Bloodlines |
| 20:07 | Research | Forging |
| 20:24 | Research | Scale Barding Armor |
| 20:55 | Build | House |
| 20:56 | Build | House |
| 20:58 | Build | House |
| 20:58 | Build | House |
| 21:00 | Build | House |
Build order — hK | MictuL_
First 150 of 546 actions detected
| 0:01 | Queue | Villager (Male) |
| 0:01 | Queue | Villager (Male) |
| 0:02 | Queue | Villager (Male) |
| 0:02 | Queue | Villager (Male) |
| 0:03 | Build | House |
| 0:04 | Build | House |
| 1:24 | Queue | Villager (Male) |
| 1:44 | Build | Lumber Camp |
| 1:50 | Queue | Villager (Male) |
| 2:25 | Queue | Villager (Male) |
| 2:48 | Queue | Villager (Male) |
| 3:12 | Queue | Villager (Male) |
| 3:15 | Queue | Villager (Male) |
| 3:40 | Build | House |
| 3:55 | Build | Farm |
| 4:05 | Queue | Villager (Male) |
| 4:06 | Queue | Villager (Male) |
| 4:17 | Build | House |
| 4:35 | Queue | Villager (Male) |
| 4:49 | Queue | Villager (Male) |
| 4:59 | Build | Palisade Wall |
| 5:19 | Queue | Villager (Male) |
| 5:39 | Queue | Villager (Male) |
| 5:50 | Build | Palisade Gate |
| 5:52 | Queue | Villager (Male) |
| 7:00 | Queue | Villager (Male) |
| 7:10 | Build | Mill |
| 7:22 | Research | Feudal Age |
| 8:25 | Build | House |
| 8:36 | Build | Farm |
| 8:38 | Build | Farm |
| 8:44 | Build | Farm |
| 9:02 | Build | Farm |
| 9:23 | Queue | Villager (Male) |
| 9:41 | Age | Feudal Age |
| 9:54 | Build | Stable |
| 10:04 | Queue | Villager (Male) |
| 10:13 | Research | Horse Collar |
| 10:32 | Queue | Villager (Male) |
| 10:37 | Research | Double-Bit Axe |
| 10:55 | Queue | Scout Cavalry |
| 10:55 | Queue | Scout Cavalry |
| 11:03 | Queue | Villager (Male) |
| 11:03 | Queue | Villager (Male) |
| 11:13 | Build | Stable |
| 11:23 | Queue | Villager (Male) |
| 11:29 | Build | House |
| 11:34 | Queue | Scout Cavalry |
| 11:45 | Build | Farm |
| 11:49 | Build | House |
| 11:53 | Build | House |
| 12:14 | Research | Bloodlines |
| 12:15 | Queue | Scout Cavalry |
| 12:15 | Queue | Scout Cavalry |
| 12:18 | Build | Farm |
| 12:20 | Queue | Villager (Male) |
| 12:36 | Queue | Villager (Male) |
| 12:39 | Build | House |
| 12:50 | Queue | Villager (Male) |
| 12:52 | Build | Farm |
| 12:56 | Queue | Scout Cavalry |
| 13:02 | Build | House |
| 13:23 | Build | Farm |
| 13:25 | Queue | Villager (Male) |
| 13:35 | Build | Mining Camp |
| 13:39 | Queue | Scout Cavalry |
| 13:39 | Queue | Scout Cavalry |
| 13:44 | Queue | Villager (Male) |
| 14:02 | Queue | Scout Cavalry |
| 14:24 | Queue | Villager (Male) |
| 14:31 | Queue | Villager (Male) |
| 14:49 | Build | Mill |
| 14:52 | Queue | Villager (Male) |
| 15:17 | Research | Loom |
| 15:17 | Research | Loom |
| 15:24 | Queue | Villager (Male) |
| 15:32 | Queue | Scout Cavalry |
| 16:05 | Queue | Villager (Male) |
| 16:06 | Queue | Villager (Male) |
| 16:26 | Build | Farm |
| 16:39 | Queue | Villager (Male) |
| 17:03 | Queue | Villager (Male) |
| 17:06 | Build | Farm |
| 17:09 | Build | Farm |
| 17:17 | Build | Market |
| 17:34 | Build | Farm |
| 18:00 | Build | Farm |
| 18:09 | Build | Lumber Camp |
| 18:10 | Research | Castle Age |
| 18:28 | Build | Blacksmith |
| 18:30 | Build | Stable |
| 18:41 | Build | House |
| 18:43 | Build | House |
| 19:26 | Build | Stable |
| 19:32 | Build | Mining Camp |
| 19:50 | Research | Scale Barding Armor |
| 19:51 | Research | Scale Barding Armor |
| 20:19 | Build | Mining Camp |
| 20:31 | Build | House |
| 20:34 | Build | Stone Wall |
| 20:50 | Age | Castle Age |
| 20:55 | Queue | Battle Elephant |
| 20:55 | Queue | Battle Elephant |
| 20:57 | Research | Chain Barding Armor |
| 20:58 | Queue | Battle Elephant |
| 20:59 | Queue | Battle Elephant |
| 21:04 | Queue | Villager (Male) |
| 21:14 | Build | Farm |
| 21:15 | Queue | Villager (Male) |
| 21:22 | Queue | Battle Elephant |
| 21:33 | Queue | Battle Elephant |
| 21:33 | Queue | Battle Elephant |
| 21:47 | Research | Husbandry |
| 21:48 | Research | Husbandry |
| 21:57 | Queue | Villager (Male) |
| 22:01 | Build | Mining Camp |
| 22:16 | Queue | Battle Elephant |
| 22:26 | Queue | Villager (Male) |
| 22:30 | Queue | Villager (Male) |
| 22:34 | Build | House |
| 22:45 | Queue | Battle Elephant |
| 22:54 | Queue | Villager (Male) |
| 22:56 | Build | Town Center |
| 23:05 | Queue | Villager (Male) |
| 23:10 | Build | House |
| 23:32 | Research | Forging |
| 23:32 | Research | Forging |
| 23:55 | Queue | Villager (Male) |
| 23:59 | Queue | Battle Elephant |
| 24:18 | Queue | Battle Elephant |
| 24:37 | Queue | Villager (Male) |
| 24:39 | Queue | Villager (Male) |
| 24:41 | Build | Farm |
| 24:43 | Queue | Villager (Male) |
| 24:59 | Build | Town Center |
| 25:06 | Queue | Villager (Male) |
| 25:06 | Queue | Villager (Male) |
| 25:09 | Build | Farm |
| 25:22 | Queue | Battle Elephant |
| 25:48 | Queue | Battle Elephant |
| 25:59 | Queue | Villager (Male) |
| 25:59 | Queue | Villager (Male) |
| 26:01 | Build | Farm |
| 26:02 | Queue | Battle Elephant |
| 26:15 | Queue | Villager (Male) |
| 26:17 | Queue | Villager (Male) |
| 26:33 | Queue | Battle Elephant |
| 26:33 | Queue | Battle Elephant |
| 26:43 | Queue | Villager (Male) |
| 26:45 | Build | Farm |
Build order — CMD_El Primo
First 150 of 422 actions detected
| 0:00 | Queue | Villager (Male) |
| 0:01 | Queue | Villager (Male) |
| 0:01 | Queue | Villager (Male) |
| 0:01 | Queue | Villager (Male) |
| 0:04 | Build | House |
| 0:06 | Build | House |
| 1:09 | Queue | Villager (Male) |
| 1:40 | Queue | Villager (Male) |
| 1:47 | Build | Settlement |
| 1:53 | Queue | Villager (Male) |
| 2:34 | Queue | Villager (Male) |
| 2:54 | Queue | Villager (Male) |
| 3:25 | Queue | Villager (Male) |
| 3:54 | Build | Settlement |
| 4:13 | Queue | Villager (Male) |
| 4:13 | Queue | Villager (Male) |
| 5:02 | Queue | Villager (Male) |
| 5:02 | Queue | Villager (Male) |
| 5:27 | Queue | Villager (Male) |
| 5:41 | Queue | Villager (Male) |
| 5:51 | Queue | Villager (Male) |
| 5:59 | Research | Loom |
| 6:04 | Queue | Villager (Male) |
| 7:01 | Research | Feudal Age |
| 7:12 | Build | Settlement |
| 8:01 | Build | Barracks |
| 8:40 | Queue | Villager (Male) |
| 8:49 | Research | Loom |
| 9:18 | Age | Feudal Age |
| 9:24 | Build | Archery Range |
| 9:31 | Queue | Villager (Male) |
| 9:41 | Research | Double-Bit Axe |
| 9:52 | Queue | Villager (Male) |
| 10:05 | Queue | Archer |
| 10:21 | Queue | Archer |
| 10:30 | Build | Watch Tower |
| 10:34 | Queue | Spearman |
| 10:39 | Queue | Villager (Male) |
| 10:41 | Queue | Archer |
| 11:11 | Build | Blacksmith |
| 11:19 | Queue | Archer |
| 11:36 | Queue | Villager (Male) |
| 11:57 | Research | Fletching |
| 12:13 | Queue | Villager (Male) |
| 12:16 | Queue | Archer |
| 12:41 | Queue | Archer |
| 12:57 | Build | Stone Wall |
| 13:01 | Queue | Villager (Male) |
| 13:02 | Queue | Villager (Male) |
| 13:02 | Queue | Villager (Male) |
| 13:04 | Queue | Archer |
| 13:09 | Build | Archery Range |
| 13:22 | Queue | Villager (Male) |
| 13:40 | Queue | Villager (Male) |
| 13:46 | Build | Farm |
| 13:46 | Build | Farm |
| 13:46 | Build | Farm |
| 13:47 | Build | Farm |
| 13:48 | Build | Farm |
| 13:48 | Build | Farm |
| 13:49 | Build | Farm |
| 13:49 | Build | Farm |
| 13:50 | Build | Farm |
| 13:54 | Queue | Villager (Male) |
| 14:19 | Build | Palisade Wall |
| 14:20 | Build | Palisade Gate |
| 14:24 | Queue | Archer |
| 14:24 | Queue | Archer |
| 15:06 | Queue | Spearman |
| 15:23 | Queue | Archer |
| 15:32 | Queue | Villager (Male) |
| 16:15 | Build | Settlement |
| 16:36 | Queue | Spearman |
| 16:43 | Queue | Archer |
| 16:44 | Queue | Villager (Male) |
| 16:44 | Queue | Villager (Male) |
| 17:00 | Queue | Archer |
| 17:01 | Queue | Archer |
| 17:31 | Queue | Archer |
| 17:47 | Queue | Villager (Male) |
| 17:49 | Queue | Archer |
| 17:50 | Queue | Archer |
| 18:02 | Queue | Archer |
| 18:11 | Queue | Villager (Male) |
| 18:30 | Research | Horse Collar |
| 18:59 | Queue | Archer |
| 18:59 | Queue | Archer |
| 19:04 | Build | House |
| 19:17 | Research | Wheelbarrow |
| 19:26 | Queue | Villager (Male) |
| 19:30 | Build | Farm |
| 19:30 | Build | Farm |
| 19:31 | Build | Farm |
| 19:31 | Build | Farm |
| 19:32 | Build | Farm |
| 19:32 | Build | Farm |
| 19:32 | Build | Farm |
| 19:33 | Build | Farm |
| 19:33 | Build | Farm |
| 19:39 | Queue | Villager (Male) |
| 20:47 | Queue | Archer |
| 20:47 | Queue | Archer |
| 20:54 | Build | House |
| 21:47 | Research | Castle Age |
| 21:59 | Build | Gate |
| 22:17 | Queue | Archer |
| 22:18 | Queue | Archer |
| 22:33 | Build | House |
| 22:34 | Build | House |
| 22:47 | Build | House |
| 22:53 | Research | Padded Archer Armor |
| 23:17 | Queue | Archer |
| 23:31 | Queue | Archer |
| 24:00 | Queue | Archer |
| 24:07 | Queue | Archer |
| 24:09 | Queue | Villager (Male) |
| 24:14 | Build | Archery Range |
| 24:27 | Age | Castle Age |
| 24:27 | Queue | Villager (Male) |
| 24:30 | Research | Crossbowman (upgrade) |
| 24:38 | Research | Bodkin Arrow |
| 24:49 | Build | Siege Workshop |
| 25:03 | Queue | Villager (Male) |
| 25:04 | Queue | Villager (Male) |
| 25:36 | Queue | Battering Ram |
| 25:48 | Queue | Archer |
| 25:51 | Queue | Villager (Male) |
| 25:51 | Queue | Villager (Male) |
| 25:51 | Queue | Villager (Male) |
| 26:09 | Queue | Battering Ram |
| 26:17 | Queue | Archer |
| 26:17 | Queue | Archer |
| 26:48 | Queue | Archer |
| 26:49 | Queue | Archer |
| 26:59 | Queue | Archer |
| 27:02 | Queue | Archer |
| 27:02 | Queue | Archer |
| 27:10 | Queue | Villager (Male) |
| 27:11 | Queue | Villager (Male) |
| 27:11 | Queue | Villager (Male) |
| 27:12 | Queue | Villager (Male) |
| 27:13 | Queue | Archer |
| 27:24 | Queue | Archer |
| 27:25 | Queue | Battering Ram |
| 27:30 | Build | House |
| 27:31 | Queue | Villager (Male) |
| 27:36 | Research | Bow Saw |
| 27:39 | Queue | Archer |
| 27:55 | Queue | Archer |
| 28:16 | Queue | Archer |
Build order — EXILE | Lightning
First 150 of 320 actions detected
| 0:01 | Queue | Villager (Male) |
| 0:01 | Queue | Villager (Male) |
| 0:02 | Queue | Villager (Male) |
| 0:03 | Build | House |
| 0:04 | Build | House |
| 0:10 | Queue | Villager (Male) |
| 0:11 | Queue | Villager (Male) |
| 1:27 | Queue | Villager (Male) |
| 1:27 | Queue | Villager (Male) |
| 1:41 | Queue | Villager (Male) |
| 1:42 | Queue | Villager (Male) |
| 1:51 | Build | Lumber Camp |
| 2:29 | Queue | Villager (Male) |
| 2:29 | Queue | Villager (Male) |
| 3:04 | Queue | Villager (Male) |
| 3:04 | Queue | Villager (Male) |
| 3:09 | Queue | Villager (Male) |
| 3:28 | Queue | Villager (Male) |
| 3:28 | Queue | Villager (Male) |
| 3:46 | Build | House |
| 3:47 | Build | House |
| 3:51 | Queue | Villager (Male) |
| 3:52 | Queue | Villager (Male) |
| 4:07 | Queue | Villager (Male) |
| 4:27 | Queue | Villager (Male) |
| 4:47 | Build | Palisade Wall |
| 4:48 | Build | Palisade Wall |
| 5:09 | Queue | Villager (Male) |
| 5:16 | Queue | Villager (Male) |
| 5:16 | Queue | Villager (Male) |
| 5:46 | Queue | Villager (Male) |
| 5:52 | Research | Loom |
| 6:19 | Queue | Villager (Male) |
| 6:29 | Build | Palisade Wall |
| 6:32 | Queue | Villager (Male) |
| 6:37 | Queue | Villager (Male) |
| 6:48 | Build | Palisade Wall |
| 7:00 | Build | Palisade Wall |
| 7:02 | Queue | Villager (Male) |
| 7:09 | Queue | Villager (Male) |
| 7:16 | Queue | Villager (Male) |
| 7:21 | Queue | Villager (Male) |
| 7:27 | Build | Mining Camp |
| 7:29 | Queue | Villager (Male) |
| 7:35 | Build | Palisade Wall |
| 7:45 | Queue | Villager (Male) |
| 8:04 | Research | Feudal Age |
| 8:38 | Build | House |
| 9:07 | Build | Barracks |
| 9:14 | Queue | Villager (Male) |
| 9:40 | Build | Palisade Gate |
| 9:44 | Queue | Villager (Male) |
| 10:08 | Queue | Villager (Male) |
| 10:14 | Age | Feudal Age |
| 10:18 | Build | Archery Range |
| 10:31 | Research | Double-Bit Axe |
| 10:32 | Queue | Villager (Male) |
| 10:38 | Build | House |
| 10:54 | Build | Mill |
| 10:56 | Queue | Villager (Male) |
| 11:12 | Queue | Archer |
| 11:13 | Queue | Archer |
| 11:18 | Queue | Archer |
| 11:23 | Queue | Villager (Male) |
| 11:25 | Queue | Archer |
| 11:32 | Queue | Archer |
| 11:39 | Build | Watch Tower |
| 11:40 | Queue | Archer |
| 11:51 | Queue | Archer |
| 11:54 | Queue | Archer |
| 12:18 | Queue | Villager (Male) |
| 12:26 | Queue | Villager (Male) |
| 12:27 | Queue | Villager (Male) |
| 12:29 | Queue | Archer |
| 12:38 | Build | House |
| 12:43 | Queue | Villager (Male) |
| 12:51 | Build | Archery Range |
| 12:57 | Queue | Villager (Male) |
| 13:13 | Queue | Archer |
| 13:34 | Queue | Archer |
| 13:36 | Build | Blacksmith |
| 13:37 | Queue | Archer |
| 13:39 | Queue | Villager (Male) |
| 13:43 | Build | Farm |
| 13:43 | Queue | Archer |
| 14:02 | Queue | Archer |
| 14:03 | Queue | Archer |
| 14:05 | Queue | Archer |
| 14:10 | Queue | Archer |
| 14:15 | Build | House |
| 14:21 | Queue | Villager (Male) |
| 14:22 | Queue | Archer |
| 14:29 | Queue | Villager (Male) |
| 14:38 | Queue | Archer |
| 14:39 | Queue | Archer |
| 14:51 | Queue | Archer |
| 15:07 | Build | Farm |
| 15:09 | Queue | Villager (Male) |
| 15:17 | Queue | Villager (Male) |
| 15:18 | Build | Farm |
| 15:23 | Queue | Archer |
| 15:34 | Queue | Archer |
| 15:38 | Queue | Archer |
| 15:46 | Queue | Archer |
| 15:49 | Queue | Archer |
| 15:59 | Build | House |
| 16:12 | Build | Farm |
| 16:26 | Queue | Archer |
| 16:27 | Queue | Villager (Male) |
| 16:28 | Queue | Villager (Male) |
| 16:33 | Queue | Villager (Male) |
| 16:34 | Queue | Villager (Male) |
| 16:39 | Build | House |
| 16:50 | Queue | Villager (Male) |
| 16:51 | Build | Farm |
| 17:01 | Build | Farm |
| 17:08 | Queue | Villager (Male) |
| 17:08 | Queue | Villager (Male) |
| 17:16 | Build | House |
| 17:33 | Build | Farm |
| 17:33 | Queue | Villager (Male) |
| 17:35 | Queue | Archer |
| 17:44 | Research | Fletching |
| 17:48 | Queue | Villager (Male) |
| 17:59 | Queue | Villager (Male) |
| 18:03 | Queue | Archer |
| 18:09 | Queue | Villager (Male) |
| 18:11 | Build | Farm |
| 18:31 | Queue | Villager (Male) |
| 18:32 | Queue | Villager (Male) |
| 18:38 | Queue | Villager (Male) |
| 18:41 | Build | Farm |
| 18:42 | Build | Farm |
| 18:46 | Queue | Villager (Male) |
| 18:56 | Queue | Archer |
| 19:00 | Queue | Archer |
| 19:03 | Queue | Villager (Male) |
| 19:16 | Queue | Archer |
| 19:18 | Queue | Archer |
| 19:23 | Queue | Villager (Male) |
| 19:41 | Build | Archery Range |
| 20:08 | Queue | Archer |
| 20:12 | Queue | Archer |
| 20:14 | Queue | Villager (Male) |
| 20:21 | Queue | Villager (Male) |
| 20:30 | Research | Padded Archer Armor |
| 20:32 | Queue | Villager (Male) |
| 20:38 | Queue | Villager (Male) |
| 20:40 | Queue | Archer |
| 20:47 | Queue | Archer |
Build order — CMD_Ray
First 150 of 319 actions detected
| 0:00 | Queue | Villager (Male) |
| 0:01 | Queue | Villager (Male) |
| 0:03 | Build | House |
| 0:05 | Build | House |
| 0:05 | Queue | Villager (Male) |
| 0:17 | Queue | Villager (Male) |
| 1:03 | Build | House |
| 1:05 | Build | House |
| 1:42 | Queue | Villager (Male) |
| 1:57 | Queue | Villager (Male) |
| 2:12 | Build | Palisade Gate |
| 2:25 | Queue | Villager (Male) |
| 2:49 | Build | House |
| 2:57 | Queue | Villager (Male) |
| 3:09 | Build | Palisade Wall |
| 3:15 | Build | Palisade Wall |
| 3:19 | Queue | Villager (Male) |
| 3:26 | Build | Palisade Wall |
| 3:48 | Queue | Villager (Male) |
| 4:07 | Queue | Villager (Male) |
| 4:07 | Queue | Villager (Male) |
| 4:34 | Queue | Villager (Male) |
| 4:44 | Build | Lumber Camp |
| 5:05 | Queue | Villager (Male) |
| 5:20 | Queue | Villager (Male) |
| 5:52 | Queue | Villager (Male) |
| 6:12 | Queue | Villager (Male) |
| 6:22 | Queue | Villager (Male) |
| 7:02 | Queue | Villager (Male) |
| 7:37 | Queue | Villager (Male) |
| 7:55 | Queue | Villager (Male) |
| 8:20 | Queue | Villager (Male) |
| 8:23 | Research | Loom |
| 8:24 | Queue | Villager (Male) |
| 8:41 | Build | Mill |
| 8:50 | Queue | Villager (Male) |
| 9:19 | Build | Mill |
| 9:23 | Research | Feudal Age |
| 9:57 | Build | Mining Camp |
| 10:32 | Queue | Villager (Male) |
| 10:43 | Build | House |
| 11:52 | Age | Feudal Age |
| 12:23 | Queue | Villager (Male) |
| 12:53 | Research | Castle Age |
| 13:20 | Build | Stable |
| 13:44 | Build | Blacksmith |
| 14:09 | Queue | Villager (Male) |
| 14:38 | Research | Bloodlines |
| 14:41 | Research | Scale Barding Armor |
| 14:44 | Research | Forging |
| 14:50 | Build | House |
| 15:07 | Build | Mill |
| 15:18 | Build | Farm |
| 15:18 | Build | Farm |
| 15:18 | Build | Farm |
| 15:33 | Age | Castle Age |
| 15:43 | Queue | Knight |
| 16:18 | Queue | Knight |
| 16:25 | Build | Stable |
| 16:40 | Research | Husbandry |
| 16:53 | Queue | Knight |
| 16:58 | Queue | Villager (Male) |
| 17:04 | Research | Double-Bit Axe |
| 17:07 | Research | Horse Collar |
| 17:36 | Queue | Villager (Male) |
| 17:39 | Queue | Knight |
| 17:39 | Queue | Knight |
| 17:57 | Build | Outpost |
| 18:03 | Queue | Knight |
| 18:04 | Queue | Villager (Male) |
| 18:05 | Queue | Villager (Male) |
| 18:05 | Queue | Villager (Male) |
| 18:26 | Queue | Villager (Male) |
| 18:42 | Build | Town Center |
| 18:59 | Queue | Knight |
| 19:31 | Queue | Villager (Male) |
| 19:32 | Queue | Villager (Male) |
| 19:52 | Build | Farm |
| 19:52 | Build | Farm |
| 19:53 | Build | Farm |
| 19:53 | Build | Farm |
| 19:55 | Build | Farm |
| 20:31 | Queue | Knight |
| 20:32 | Queue | Knight |
| 20:37 | Build | House |
| 20:39 | Build | House |
| 21:00 | Queue | Villager (Male) |
| 21:00 | Queue | Villager (Male) |
| 21:06 | Build | House |
| 21:07 | Build | House |
| 21:07 | Build | House |
| 21:07 | Build | House |
| 21:30 | Queue | Knight |
| 21:30 | Queue | Knight |
| 21:33 | Queue | Villager (Male) |
| 22:20 | Queue | Villager (Male) |
| 22:22 | Queue | Battle Elephant |
| 22:23 | Queue | Battle Elephant |
| 22:42 | Queue | Battle Elephant |
| 22:42 | Queue | Battle Elephant |
| 22:50 | Queue | Villager (Male) |
| 23:02 | Build | Market |
| 23:10 | Queue | Villager (Male) |
| 23:15 | Build | Farm |
| 23:16 | Build | Farm |
| 23:23 | Build | Farm |
| 23:24 | Build | Farm |
| 23:48 | Queue | Villager (Male) |
| 23:48 | Queue | Villager (Male) |
| 23:54 | Build | Mining Camp |
| 23:58 | Queue | Villager (Male) |
| 24:01 | Build | Farm |
| 24:02 | Build | Farm |
| 24:06 | Build | Farm |
| 24:07 | Build | Farm |
| 24:27 | Queue | Battle Elephant |
| 24:27 | Queue | Battle Elephant |
| 26:21 | Queue | Battle Elephant |
| 26:22 | Queue | Battle Elephant |
| 26:23 | Queue | Battle Elephant |
| 26:23 | Queue | Battle Elephant |
| 26:23 | Queue | Battle Elephant |
| 26:23 | Queue | Battle Elephant |
| 26:32 | Queue | Villager (Male) |
| 26:32 | Queue | Villager (Male) |
| 26:58 | Queue | Battle Elephant |
| 26:58 | Queue | Battle Elephant |
| 27:29 | Queue | Battle Elephant |
| 27:29 | Queue | Battle Elephant |
| 27:53 | Research | Chain Barding Armor |
| 28:30 | Build | Castle |
| 28:43 | Queue | Battle Elephant |
| 28:43 | Queue | Battle Elephant |
| 28:43 | Queue | Battle Elephant |
| 28:45 | Queue | Villager (Male) |
| 28:53 | Build | Siege Workshop |
| 29:58 | Queue | Scorpion |
| 29:58 | Queue | Scorpion |
| 29:59 | Queue | Scorpion |
| 29:59 | Queue | Scorpion |
| 30:26 | Build | Gate |
| 30:42 | Build | Stone Wall |
| 31:09 | Queue | Villager (Male) |
| 31:09 | Queue | Villager (Male) |
| 31:09 | Queue | Villager (Male) |
| 31:14 | Queue | Scorpion |
| 31:14 | Queue | Scorpion |
| 31:22 | Queue | Scorpion |
| 31:29 | Queue | Villager (Male) |
| 31:29 | Queue | Villager (Male) |
Build order — EXILE | Mancoazteca
First 150 of 519 actions detected
| 0:02 | Research | Loom |
| 0:03 | Build | House |
| 0:05 | Build | House |
| 0:08 | Queue | Villager (Male) |
| 0:08 | Queue | Villager (Male) |
| 0:08 | Queue | Villager (Male) |
| 0:08 | Queue | Villager (Male) |
| 1:42 | Queue | Villager (Male) |
| 1:42 | Queue | Villager (Male) |
| 2:09 | Build | Lumber Camp |
| 2:10 | Queue | Villager (Male) |
| 2:35 | Queue | Villager (Male) |
| 2:56 | Build | House |
| 3:03 | Queue | Villager (Male) |
| 3:17 | Queue | Villager (Male) |
| 3:17 | Queue | Villager (Male) |
| 3:17 | Queue | Villager (Male) |
| 4:13 | Queue | Villager (Male) |
| 4:13 | Queue | Villager (Male) |
| 4:13 | Queue | Villager (Male) |
| 4:53 | Build | Mining Camp |
| 5:13 | Queue | Villager (Male) |
| 5:13 | Queue | Villager (Male) |
| 5:23 | Queue | Villager (Male) |
| 5:23 | Queue | Villager (Male) |
| 5:23 | Queue | Villager (Male) |
| 5:23 | Queue | Villager (Male) |
| 5:23 | Queue | Villager (Male) |
| 5:39 | Queue | Villager (Male) |
| 6:06 | Queue | Villager (Male) |
| 6:24 | Queue | Villager (Male) |
| 6:24 | Queue | Villager (Male) |
| 6:24 | Queue | Villager (Male) |
| 6:24 | Queue | Villager (Male) |
| 6:57 | Build | Palisade Gate |
| 7:36 | Research | Feudal Age |
| 7:54 | Build | Palisade Wall |
| 9:05 | Build | Barracks |
| 9:46 | Age | Feudal Age |
| 9:49 | Research | Double-Bit Axe |
| 9:51 | Queue | Villager (Male) |
| 9:51 | Queue | Villager (Male) |
| 9:58 | Build | House |
| 10:18 | Build | Archery Range |
| 10:33 | Build | House |
| 10:49 | Queue | Villager (Male) |
| 10:57 | Build | Archery Range |
| 11:08 | Queue | Archer |
| 11:09 | Queue | Archer |
| 11:22 | Queue | Villager (Male) |
| 11:23 | Queue | Villager (Male) |
| 11:44 | Build | Blacksmith |
| 11:46 | Queue | Villager (Male) |
| 11:55 | Queue | Archer |
| 11:55 | Queue | Archer |
| 12:21 | Build | Mill |
| 12:29 | Research | Fletching |
| 12:31 | Queue | Villager (Male) |
| 12:31 | Queue | Villager (Male) |
| 12:33 | Queue | Archer |
| 12:33 | Queue | Archer |
| 12:48 | Queue | Archer |
| 12:48 | Queue | Archer |
| 12:59 | Build | House |
| 13:01 | Build | House |
| 13:07 | Queue | Archer |
| 13:07 | Queue | Archer |
| 13:13 | Build | House |
| 13:16 | Build | House |
| 13:31 | Queue | Villager (Male) |
| 13:31 | Queue | Villager (Male) |
| 13:37 | Research | Padded Archer Armor |
| 13:51 | Queue | Archer |
| 13:51 | Queue | Archer |
| 13:51 | Queue | Archer |
| 14:29 | Queue | Archer |
| 14:29 | Queue | Archer |
| 14:29 | Queue | Archer |
| 14:29 | Queue | Archer |
| 14:30 | Queue | Villager (Male) |
| 14:45 | Queue | Villager (Male) |
| 15:17 | Queue | Archer |
| 15:17 | Queue | Archer |
| 15:17 | Queue | Archer |
| 15:44 | Queue | Villager (Male) |
| 15:44 | Queue | Villager (Male) |
| 15:44 | Queue | Villager (Male) |
| 15:44 | Queue | Villager (Male) |
| 15:49 | Build | Market |
| 16:25 | Queue | Villager (Male) |
| 16:25 | Queue | Villager (Male) |
| 16:51 | Build | Farm |
| 16:52 | Build | Farm |
| 16:54 | Build | Farm |
| 16:56 | Build | Farm |
| 16:57 | Build | Farm |
| 17:42 | Research | Castle Age |
| 17:42 | Research | Castle Age |
| 18:05 | Build | Farm |
| 18:09 | Build | Farm |
| 18:20 | Research | Horse Collar |
| 18:26 | Queue | Archer |
| 18:26 | Queue | Archer |
| 19:01 | Research | Gold Mining |
| 19:18 | Queue | Archer |
| 19:18 | Queue | Archer |
| 19:41 | Build | Farm |
| 19:44 | Build | Farm |
| 19:48 | Build | Farm |
| 20:06 | Build | House |
| 20:08 | Build | House |
| 20:17 | Build | House |
| 20:22 | Age | Castle Age |
| 20:26 | Research | Crossbowman (upgrade) |
| 20:32 | Research | Bodkin Arrow |
| 20:42 | Build | University |
| 20:58 | Build | Mining Camp |
| 21:14 | Queue | Villager (Male) |
| 21:14 | Queue | Villager (Male) |
| 21:53 | Queue | Villager (Male) |
| 21:53 | Queue | Villager (Male) |
| 22:21 | Queue | Archer |
| 22:21 | Queue | Archer |
| 22:26 | Build | House |
| 22:43 | Queue | Archer |
| 22:43 | Queue | Archer |
| 22:46 | Queue | Archer |
| 22:47 | Queue | Archer |
| 22:51 | Queue | Villager (Male) |
| 23:06 | Queue | Villager (Male) |
| 23:06 | Queue | Villager (Male) |
| 23:06 | Queue | Villager (Male) |
| 23:07 | Queue | Villager (Male) |
| 23:22 | Build | Monastery |
| 23:26 | Queue | Archer |
| 23:26 | Queue | Archer |
| 23:27 | Queue | Villager (Male) |
| 23:27 | Queue | Villager (Male) |
| 23:27 | Queue | Villager (Male) |
| 23:49 | Queue | Villager (Male) |
| 24:06 | Research | Ballistics |
| 24:07 | Queue | Villager (Male) |
| 24:07 | Queue | Villager (Male) |
| 24:53 | Queue | Villager (Male) |
| 24:53 | Queue | Villager (Male) |
| 24:53 | Queue | Villager (Male) |
| 24:58 | Queue | Monk |
| 25:00 | Build | House |
| 25:01 | Build | House |
| 25:01 | Queue | Villager (Male) |
Build order — hK | ViejoSabroso
First 150 of 487 actions detected
| 0:02 | Queue | Villager (Male) |
| 0:02 | Queue | Villager (Male) |
| 0:03 | Queue | Villager (Male) |
| 0:04 | Build | House |
| 0:06 | Build | House |
| 0:07 | Queue | Villager (Male) |
| 0:07 | Queue | Villager (Male) |
| 1:33 | Queue | Villager (Male) |
| 1:33 | Queue | Villager (Male) |
| 1:33 | Queue | Villager (Male) |
| 2:01 | Queue | Villager (Male) |
| 2:01 | Queue | Villager (Male) |
| 2:19 | Queue | Villager (Male) |
| 2:19 | Queue | Villager (Male) |
| 2:20 | Queue | Villager (Male) |
| 2:40 | Queue | Villager (Male) |
| 2:41 | Queue | Villager (Male) |
| 2:41 | Queue | Villager (Male) |
| 3:09 | Queue | Villager (Male) |
| 3:09 | Queue | Villager (Male) |
| 3:10 | Queue | Villager (Male) |
| 3:41 | Queue | Villager (Male) |
| 3:41 | Queue | Villager (Male) |
| 3:42 | Queue | Villager (Male) |
| 3:54 | Build | House |
| 3:59 | Queue | Villager (Male) |
| 3:59 | Queue | Villager (Male) |
| 4:00 | Queue | Villager (Male) |
| 4:04 | Build | Lumber Camp |
| 4:21 | Build | House |
| 4:52 | Queue | Villager (Male) |
| 4:53 | Queue | Villager (Male) |
| 4:53 | Queue | Villager (Male) |
| 4:53 | Queue | Villager (Male) |
| 5:13 | Build | Mill |
| 5:55 | Queue | Villager (Male) |
| 5:55 | Queue | Villager (Male) |
| 6:26 | Queue | Villager (Male) |
| 6:48 | Build | Farm |
| 6:56 | Research | Loom |
| 7:32 | Research | Feudal Age |
| 8:05 | Build | Barracks |
| 9:42 | Age | Feudal Age |
| 9:42 | Queue | Villager (Male) |
| 9:50 | Build | Stable |
| 9:51 | Queue | Villager (Male) |
| 9:55 | Research | Double-Bit Axe |
| 10:21 | Build | Blacksmith |
| 10:24 | Queue | Villager (Male) |
| 10:51 | Queue | Scout Cavalry |
| 10:51 | Queue | Scout Cavalry |
| 10:54 | Queue | Villager (Male) |
| 11:02 | Build | House |
| 11:06 | Research | Scale Barding Armor |
| 11:16 | Queue | Villager (Male) |
| 11:36 | Build | House |
| 11:39 | Queue | Scout Cavalry |
| 11:58 | Queue | Scout Cavalry |
| 12:19 | Queue | Villager (Male) |
| 12:26 | Queue | Scout Cavalry |
| 12:32 | Queue | Villager (Male) |
| 12:34 | Build | Farm |
| 12:34 | Build | Farm |
| 12:35 | Build | Farm |
| 12:35 | Build | Farm |
| 12:35 | Build | Farm |
| 12:36 | Build | Farm |
| 12:36 | Build | Farm |
| 12:56 | Build | Farm |
| 12:56 | Build | Farm |
| 12:57 | Build | Farm |
| 12:57 | Build | Farm |
| 13:20 | Queue | Villager (Male) |
| 13:20 | Queue | Villager (Male) |
| 13:31 | Build | Mining Camp |
| 13:34 | Build | House |
| 14:21 | Queue | Villager (Male) |
| 14:28 | Research | Forging |
| 14:29 | Queue | Villager (Male) |
| 14:29 | Queue | Villager (Male) |
| 14:33 | Research | Horse Collar |
| 14:56 | Build | Farm |
| 14:56 | Build | Farm |
| 14:57 | Build | Farm |
| 14:57 | Build | Farm |
| 14:57 | Build | Farm |
| 14:59 | Queue | Villager (Male) |
| 15:44 | Queue | Villager (Male) |
| 15:48 | Build | House |
| 16:27 | Queue | Villager (Male) |
| 16:29 | Build | Farm |
| 16:32 | Build | Farm |
| 16:32 | Build | Farm |
| 16:32 | Build | Farm |
| 16:33 | Build | Farm |
| 16:33 | Build | Farm |
| 17:04 | Queue | Villager (Male) |
| 17:45 | Research | Wheelbarrow |
| 18:15 | Build | Stable |
| 19:03 | Research | Castle Age |
| 19:08 | Build | Stable |
| 19:26 | Build | House |
| 19:29 | Research | Gold Mining |
| 19:43 | Research | Bloodlines |
| 19:58 | Build | Lumber Camp |
| 20:48 | Build | Stone Wall |
| 20:56 | Build | Stone Wall |
| 20:59 | Build | Stone Wall |
| 21:20 | Queue | Villager (Male) |
| 21:20 | Queue | Villager (Male) |
| 21:20 | Queue | Villager (Male) |
| 21:43 | Age | Castle Age |
| 21:44 | Research | Chain Barding Armor |
| 21:45 | Research | Chain Barding Armor |
| 21:48 | Queue | Knight ×4 |
| 21:55 | Queue | Villager (Male) |
| 21:55 | Queue | Villager (Male) |
| 22:04 | Build | Town Center |
| 22:06 | Queue | Villager (Male) |
| 22:24 | Research | Husbandry |
| 22:26 | Queue | Villager (Male) |
| 22:44 | Queue | Knight ×2 |
| 22:44 | Queue | Knight ×2 |
| 22:46 | Queue | Villager (Male) |
| 22:55 | Build | House |
| 23:03 | Queue | Knight |
| 23:03 | Queue | Knight |
| 23:05 | Queue | Villager (Male) |
| 23:10 | Build | Town Center |
| 23:23 | Queue | Knight |
| 23:23 | Queue | Knight |
| 23:24 | Queue | Knight |
| 23:50 | Queue | Knight ×2 |
| 23:50 | Queue | Knight ×2 |
| 23:50 | Queue | Knight ×2 |
| 24:11 | Queue | Knight |
| 24:11 | Queue | Knight |
| 24:14 | Queue | Villager (Male) |
| 24:14 | Queue | Villager (Male) |
| 24:16 | Queue | Villager (Male) |
| 24:17 | Queue | Villager (Male) |
| 24:35 | Queue | Villager (Male) |
| 24:35 | Queue | Villager (Male) |
| 24:35 | Queue | Villager (Male) |
| 24:50 | Queue | Villager (Male) |
| 25:04 | Queue | Knight ×5 |
| 25:05 | Queue | Knight ×5 |
| 25:17 | Build | Stable |
| 25:43 | Build | House |
| 25:48 | Research | Iron Casting |
Match timeline
| 0:56 | CMD_Edahi287 · wall_segment Palisade Wall x7 |
| 1:48 | CMD_Black_Legion · wall_segment Palisade Wall x1 |
| 1:51 | CMD_Black_Legion · wall_segment Palisade Wall x4 |
| 1:52 | CMD_Black_Legion · wall_segment Palisade Wall x4 |
| 3:09 | CMD_Ray · wall_segment Palisade Wall x1 |
| 3:15 | CMD_Ray · wall_segment Palisade Wall x1 |
| 3:26 | CMD_Ray · wall_segment Palisade Wall x1 |
| 4:47 | EXILE | Lightning · wall_segment Palisade Wall x1 |
| 4:48 | EXILE | Lightning · wall_segment Palisade Wall x1 |
| 4:58 | CMD_Edahi287 · wall_segment Palisade Wall x1 |
| 4:59 | hK | MictuL_ · wall_segment Palisade Wall x9 |
| 6:29 | EXILE | Lightning · wall_segment Palisade Wall x2 |
| 6:48 | EXILE | Lightning · wall_segment Palisade Wall x3 |
| 7:00 | EXILE | Lightning · wall_segment Palisade Wall x3 |
| 7:35 | EXILE | Lightning · wall_segment Palisade Wall x1 |
| 7:54 | EXILE | Mancoazteca · wall_segment Palisade Wall x11 |
| 8:01 | CMD_El Primo · first_building Barracks |
| 8:05 | hK | ViejoSabroso · first_building Barracks |
| 8:41 | CMD_Edahi287 · first_building Barracks |
| 9:05 | EXILE | Mancoazteca · first_building Barracks |
| 9:07 | EXILE | Lightning · first_building Barracks |
| 9:18 | CMD_El Primo · age_up feudal |
| 9:24 | CMD_El Primo · first_building Archery Range |
| 9:41 | hK | MictuL_ · age_up feudal |
| 9:42 | hK | ViejoSabroso · age_up feudal |
| 9:43 | CMD_Black_Legion · age_up feudal |
| 9:46 | EXILE | Mancoazteca · age_up feudal |
| 9:50 | hK | ViejoSabroso · first_building Stable |
| 9:54 | hK | MictuL_ · first_building Stable |
| 10:14 | EXILE | Lightning · age_up feudal |
| 10:18 | EXILE | Lightning · first_building Archery Range |
| 10:18 | EXILE | Mancoazteca · first_building Archery Range |
| 10:38 | CMD_Edahi287 · age_up feudal |
| 11:52 | CMD_Ray · age_up feudal |
| 12:37 | CMD_Edahi287 · first_market_buy 100 food |
| 12:57 | CMD_El Primo · wall_segment Stone Wall x14 |
| 13:20 | CMD_Ray · first_building Stable |
| 14:10 | CMD_Edahi287 · wall_segment Palisade Wall x1 |
| 14:19 | CMD_El Primo · wall_segment Palisade Wall x4 |
| 15:23 | CMD_Edahi287 · age_up castle |
| 15:29 | CMD_Edahi287 · first_building Siege Workshop |
| 15:33 | CMD_Ray · age_up castle |
| 17:02 | EXILE | Mancoazteca · first_market_sell 100 stone |
| 17:05 | EXILE | Mancoazteca · first_market_buy 100 food |
| 17:52 | CMD_Black_Legion · first_building Barracks |
| 18:39 | CMD_Black_Legion · first_building Stable |
| 20:22 | EXILE | Mancoazteca · age_up castle |
| 20:34 | hK | MictuL_ · wall_segment Stone Wall x5 |
| 20:44 | hK | MictuL_ · first_market_sell 100 food |
| 20:48 | hK | ViejoSabroso · wall_segment Stone Wall x8 |
| 20:50 | hK | MictuL_ · age_up castle |
| 20:56 | hK | ViejoSabroso · wall_segment Stone Wall x5 |
| 20:59 | hK | ViejoSabroso · wall_segment Stone Wall x7 |
| 21:08 | CMD_Black_Legion · age_up castle |
| 21:43 | hK | ViejoSabroso · age_up castle |
| 21:46 | hK | MictuL_ · first_market_buy 100 food |
| 22:15 | CMD_Black_Legion · wall_segment Palisade Wall x9 |
| 23:22 | EXILE | Mancoazteca · first_building Monastery |
| 24:27 | CMD_El Primo · age_up castle |
| 24:49 | CMD_El Primo · first_building Siege Workshop |
| 25:01 | EXILE | Lightning · age_up castle |
| 25:21 | CMD_Edahi287 · first_building Castle |
| 25:30 | EXILE | Lightning · wall_segment Stone Wall x11 |
| 25:38 | CMD_Edahi287 · wall_segment Palisade Wall x1 |
| 25:40 | EXILE | Lightning · first_market_buy 100 stone |
| 25:44 | EXILE | Lightning · first_market_sell 500 wood |
| 25:57 | EXILE | Lightning · first_building Castle |
| 26:57 | CMD_Black_Legion · first_building Castle |
| 27:48 | CMD_Ray · first_market_buy 100 food |
| 27:50 | CMD_Ray · first_market_sell 100 wood |
| 28:20 | CMD_Edahi287 · first_building Monastery |
| 28:30 | CMD_Ray · first_building Castle |
| 28:53 | CMD_Ray · first_building Siege Workshop |
| 29:03 | CMD_Edahi287 · first_market_sell 100 food |
| 30:42 | CMD_Ray · wall_segment Stone Wall x5 |
| 31:41 | hK | ViejoSabroso · first_building Castle |
| 34:05 | hK | ViejoSabroso · wall_segment Stone Wall x1 |
| 35:43 | CMD_Black_Legion · age_up imperial |
| 36:53 | CMD_El Primo · first_building Monastery |
| 36:56 | EXILE | Mancoazteca · age_up imperial |
| 37:26 | hK | MictuL_ · age_up imperial |
| 37:43 | hK | MictuL_ · first_building Castle |
| 38:09 | CMD_El Primo · first_market_sell 100 wood |
| 38:55 | CMD_Black_Legion · wall_segment Palisade Wall x6 |
| 39:08 | CMD_Black_Legion · first_market_buy 100 wood |
| 39:08 | CMD_El Primo · first_building Castle |
| 39:10 | CMD_Black_Legion · first_market_sell 100 wood |
| 39:38 | hK | ViejoSabroso · age_up imperial |
| 40:21 | EXILE | Mancoazteca · first_building Siege Workshop |
| 41:22 | CMD_El Primo · age_up imperial |
| 41:22 | CMD_Ray · wall_segment Stone Wall x18 |
| 42:33 | hK | ViejoSabroso · first_market_sell 500 food |
| 48:17 | hK | MictuL_ · tribute_sent a jugador 1 |
| 48:17 | hK | MictuL_ · tribute_sent a jugador 3 |
| 48:17 | hK | MictuL_ · tribute_sent a jugador 4 |
| 48:17 | hK | MictuL_ · tribute_sent a jugador 5 |
| 48:17 | hK | MictuL_ · tribute_sent a jugador 6 |
| 48:17 | hK | MictuL_ · tribute_sent a jugador 7 |
| 48:17 | hK | MictuL_ · tribute_sent a jugador 8 |
| 49:23 | CMD_Ray · age_up imperial |
| 51:09 | CMD_El Primo · resign |
[ AI ANALYSIS · 1 CREDIT ]
What really happened in this match?
Wolo.gg analyzes every decision: build order, eco, micro, common mistakes by bracket. Personalized analysis on WhatsApp or Discord in 30 seconds.
Civ guide
Vikings
Perfil
Jugador #14730931